Map: New Repugnancy LE

Players

Ziggy - Winner!

  • Race: Terran Terran
  • Spawn Location: 7:00

Gemini

  • Race: Protoss Protoss
  • League: Grandmaster
  • Spawn Location: 1:00

VOD

Have the link to the VOD?

Description

Time

  • Played on: July 6, 2019, 3:53 p.m.
  • Length: 4:18
Show
View Real Time Build Order
Export as new Build Order

Ziggy Terran - Winner!

Build Orders: Gas First Reaper Expand 

Get SALT Encoding   

  12  0:00  SCV  
  13  0:12  SCV  
  14  0:17  Supply Depot  
  14  0:25  SCV  
  15  0:29  Refinery  
  15  0:39  SCV  
  16  0:44  Barracks  
  16  0:51  SCV  
  17  1:03  SCV  
  18  1:15  SCV  
  19  1:32  Reaper, Orbital Command  
  20  1:49  Command Center  
  20  2:02  Factory  
  20  2:05  Barracks Tech Lab  
  20  2:12  Supply Depot  
  20  2:15  SCV  
  21  2:24  Marauder  
  21  2:27  Concussive Shells  
  23  2:33  SCV  
  24  2:42  Refinery  
  24  2:45  Marauder, SCV  
  24  2:47  Hellion  
  29  2:57  SCV  
  30  3:02  Orbital Command  
  30  3:10  Marauder, SCV  
  33  3:14  Hellion  
  35  3:22  SCV  
  35  3:26  Starport  
  35  3:29  SCV  
  36  3:41  SCV  
  37  3:42  SCV  
  37  3:43  Barracks Reactor  
  37  3:48  Refinery  
  38  3:53  SCV  
  38  3:54  SCV  
  39  4:05  SCV  
Show
View Real Time Build Order
Export as new Build Order

Gemini Protoss 

Build Orders: 1 Gate Expand 

Get SALT Encoding   

  12  0:00  Probe  
  13  0:12  Probe  
  14  0:18  Pylon  
  14  0:25  Probe  
  15  0:33  Probe  
  15  0:37  Gateway  
  15  0:42  Probe  
  16  0:47  Assimilator  
  17  0:54  Probe  
  18  1:06  Probe  
  19  1:18  Probe  
  19  1:25  Cybernetics Core  
  20  1:38  Nexus  
  20  1:41  Pylon  
  20  1:46  Probe  
  20  1:51  Assimilator  
  20  1:52  Adept  
  20  1:58  Probe  
  21  2:04  Warp Gate  
  23  2:10  Probe  
  23  2:13  Adept  
  24  2:22  Probe  
  27  2:35  Probe  
  27  2:47  Probe  
  27  2:49  Twilight Council  
  28  2:52  Stalker  
  28  2:58  Probe  
  30  2:59  Probe  
  32  3:06  Probe  
  32  3:11  Probe  
  32  3:16  Probe  
  33  3:20  Probe  
  34  3:28  Probe x2  
  36  3:37  Probe  
  36  3:40  Probe  
  36  3:49  Probe  
  36  3:52  Probe, Robotics Facility  
  36  3:54  Stalker  
  40  4:01  Probe  
  40  4:02  Shield Battery  
  33  4:12  Gateway  
  33  4:14  Gateway  
Tags
 
Add a new tag
Caveats
  • Supply blocks, unpowered buildings, or Contaminate may cause inaccurate times.
  • Supply counts are checked every 10 seconds.